 Dungeon Crawl Stone Soup version 0.31-a0-986-g5e6e4ef867 (webtiles) character file.

Game seed: 9690461965348252309

154 Fodor the Covered (level 5, -5/47 HPs)
             Began as a Minotaur Fighter on Nov 11, 2023.
             Slain by an orc warrior
             ... wielding a +0 halberd
              (10 damage)
             ... on level 3 of the Dungeon.
             The game lasted 00:08:54 (1793 turns).

Fodor the Covered (Minotaur Fighter)                Turns: 1793, Time: 00:08:55

Health: -5/47      AC: 10    Str: 23    XL:     5   Next: 13%
Magic:  4/4        EV:  8    Int:  5    God:
Gold:   107        SH:  4    Dex:  9    Spells: 4/4 levels left

rFire   . . .        a - +0 war axe
rCold   . . .        c - +0 buckler
rNeg    . . .        b - +0 chain mail
rPois   .            (helmet restricted)
rElec   .            (no cloak)
rCorr   +            (no gloves)
SInv    .            n - +0 pair of boots
Will    .....        (no amulet) Stlth
                     e - ring of resist corrosion
HPRegen 0.27/turn    g - ring of flight
MPRegen 0.09/turn

%: no passive effects
@: flying
A: horns 2, retaliatory headbutt
a: no special abilities


You were on level 3 of the Dungeon.
You visited 1 branch of the dungeon, and saw 3 of its levels.

You collected 107 gold pieces.

Inventory:

Hand Weapons
 a - a +0 war axe (weapon)
Missiles
 f - 7 boomerangs (quivered)
 i - 6 poisoned darts
Armour
 b - a +0 chain mail (worn)
 c - a +0 buckler (worn)
 n - a +0 pair of boots (worn)
Jewellery
 e - a ring of resist corrosion (left hand)
 g - a ring of flight (right hand)
Talismans
 l - a serpent talisman
Scrolls
 h - a scroll of identify {unknown}
 j - 2 scrolls of amnesia {unknown}
 o - 3 scrolls of blinking {unknown}
Potions
 d - a potion of might
 k - a potion of resistance {unknown}
 m - a potion of ambrosia


   Skills:
 + Level 4.4 Fighting
 + Level 4.1 Axes
 + Level 0.1 Throwing
 + Level 4.8 Armour
 + Level 0.4 Dodging
 + Level 4.5 Shields


You had 4 spell levels left.
You didn't know any spells.
Your spell library contained the following spells:

 Spells                   Type           Power      Damage    Failure   Level
 Blink                    Tloc           0%         N/A       99%         2
 Ensorcelled Hibernation  Hex/Ice        0%         N/A       99%         2
 Passwall                 Tmut/Erth      0%         N/A       99%         2
 Poisonous Vapours        Pois/Air       0%         N/A       99%         2
 Mephitic Cloud           Conj/Pois/Air  0%         N/A       100%        3
 Swiftness                Air            0%         N/A       100%        3
 Manifold Assault         Tloc           0%         N/A       100%        4
 Freezing Cloud           Conj/Ice/Air   0%         6-21      100%        5


Dungeon Overview and Level Annotations

Branches:
Dungeon (3/15)

Altars:


Innate Abilities, Weirdness & Mutations

You have a pair of horns on your head.
You reflexively headbutt those who attack you in melee.


Message History

You see here a rat corpse.
You see here a rat corpse.
You reach down and open the door.
An orc warrior, an orc and an orc wizard come into view.
The orc warrior shouts!
The orc shouts!
The orc wizard shouts!
The orc warrior hits you with a +0 halberd!
There is an open door, spattered with blood here.
You closely miss the orc warrior.
The orc warrior hits you with a +0 halberd!!
You closely miss the orc warrior.
The orc wizard mumbles some strange words.
The orc wizard flickers and vanishes!
Deactivating autopickup; reactivate with Ctrl-A.
The orc warrior hits you but does no damage.
The orc warrior barely misses you. You furiously retaliate!
You headbutt the orc warrior.
The orc warrior hits you but does no damage.
The orc warrior closely misses you.
There is an open door, spattered with blood here.
You closely miss the orc warrior.
The orc warrior is lightly wounded.
The orc warrior closely misses you.
You hit the orc warrior.
The orc warrior is moderately wounded.
The orc warrior barely misses you. You furiously retaliate!
You headbutt the orc warrior. You barely miss the orc warrior.
The orc warrior is heavily wounded.
The orc warrior hits you with a +0 halberd!
* * * LOW HITPOINT WARNING * * *
The orc warrior closely misses you.
You slash the orc warrior!
The orc warrior is severely wounded.
The orc warrior hits you with a +0 halberd!
* * * LOW HITPOINT WARNING * * *
A worm comes into view.
You hit the orc warrior. Your headbutt misses the orc warrior.
The orc warrior is almost dead.
The orc warrior hits you with a +0 halberd!
You die...

###w......
#........
#....... #......
..... ..o #o#
##@## #...#
########## #...#
#........# #...#
#........# #...#
#........###
#...#
#........'..
#...#
#........###
#.)†####.....)..#
#...........#'###


You could see an orc warrior, a worm and an orc.

Vanquished Creatures
  A hound (D:3)
  Robin (D:2)
  3 adders (D:2)
  3 gnolls (D:2)
  2 dart slugs (D:1)
  An orc (D:3)
  5 endoplasms
  5 hobgoblins
  4 jackals (D:2)
  6 kobolds
  7 ball pythons
  A bat (D:1)
  2 frilled lizards
  11 goblins
  2 rats
54 creatures vanquished.

Vanquished Creatures (others)
  A rat (D:2)
1 creature vanquished.

Grand Total: 55 creatures vanquished

Notes
Turn   | Place    | Note
-------+----------+-------------------------------------------
     0 | D:1      | Fodor the Minotaur Fighter began the quest for the Orb.
     0 | D:1      | Reached XP level 1. HP: 19/19 MP: 0/0
   201 | D:1      | Reached XP level 2. HP: 25/27 MP: 1/1
   467 | D:1      | Found a faded altar of an unknown god.
   954 | D:2      | Noticed Robin
   971 | D:2      | Reached XP level 3. HP: 22/33 MP: 2/2
   993 | D:2      | Killed Robin
  1130 | D:2      | Reached XP level 4. HP: 34/40 MP: 3/3
  1568 | D:3      | Identified the "Toalud"
  1575 | D:3      | Reached XP level 5. HP: 47/47 MP: 4/4
  1783 | D:3      | Noticed an orc warrior
  1793 | D:3      | Slain by an orc warrior

Illustrated notes

Levels and vault maps discovered:
D:1:      sevenhm_arrival_forest_fort_large_3, layout_loops_ring,
          shapermc_ecumenical_altar_flowoftime,
          nicolae_concentric_dashed_squares_mild
D:2:      layout_rooms, hangedman_abyss_or_decor_lesser_grid, uniq_robin
D:3:      layout_basic, serial_curves, eino_curves_02, eino_curves_03

Skill      XL: |  1  2  3  4 |
---------------+-------------+-----
Fighting       | 4 |  4.4
Armour         | 4 |  4.8
Shields        | 4 |  4.5
Axes           | 3 4 |  4.1
Throwing       | |  0.1
Dodging        | |  0.4

Action                     |  1- 3 |  4- 6 || total
---------------------------+-------+-------++-------
  Melee: War axe           |    74 |    42 ||   116
         Headbutt          |     9 |     2 ||    11
  Throw: Boomerang         |       |     3 ||     3
    Use: Potion            |     3 |       ||     3
 Armour: Scale mail        |    71 |    26 ||    97
         Chain mail        |       |    13 ||    13
  Dodge: Dodged            |    58 |    27 ||    85
  Block: Buckler           |    22 |     9 ||    31

Table legend: (Time is in decaauts)
 A = Elapsed time spent in this place.
 B = Non-inter-level travel time spent in this place.
 C = Inter-level travel time spent in this place.
 D = Time resting spent in this place.
 E = Time spent auto-exploring this place.
 F = Levels seen in this place.
 G = Mean time per level.
                   A        B        C        D        E       F      G
               +--------+--------+--------+--------+--------+-----+--------+
         Total |   1835 |   1752 |     83 |    193 |      0 |   3 |  611.7 |
       Dungeon |   1835 |   1752 |     83 |    193 |      0 |   3 |  611.7 |
               +--------+--------+--------+--------+--------+-----+--------+

Top non-repeatable levels by time:
     D:1: 968 daAuts
     D:2: 637 daAuts
     D:3: 229 daAuts
